Arizona Coyotes vs Los Angeles Kings
Created - Friday, March 24, 2023 at 07:22
Goals
|
| Arizona Coyotes |
0 |
2 |
0 |
2 |
| Los Angeles Kings |
0 |
4 |
2 |
6 |
|
Shots
|
| Arizona Coyotes |
13 |
11 |
6 |
30 |
| Los Angeles Kings |
4 |
15 |
19 |
38 |
|
1st period
No Goal
Penalties :
Tanner Jeannot (AZC) for Hooking (Minor) at 11:07
2nd period
1. Arizona Coyotes , Tyler Seguin 2 (David Krejci 6, Jared Spurgeon 6) at 2:37
2. Los Angeles Kings , Alexander Radulov 4 (Dominik Kubalik 8, Rasmus Sandin 2) at 7:31
3. Arizona Coyotes , Claude Giroux 5 (Mats Zuccarello 8) at 16:00
4. Los Angeles Kings , Nicklas Backstrom 4 (Andrei Svechnikov 5) at 16:47
5. Los Angeles Kings , Nicklas Backstrom 5 (Noah Dobson 7, Andrei Svechnikov 6) at 17:48
6. Los Angeles Kings , Kirby Dach 3 (Nicklas Backstrom 11) at 18:49
Penalties :
Seth Jarvis (LAK) for Hooking (Minor) at 0:36, Andrei Svechnikov (LAK) for Hooking (Minor) at 7:43, Andrei Svechnikov (LAK) for Interference (Minor) at 11:20
3rd period
7. Los Angeles Kings , Andrei Svechnikov 12 (Nicklas Backstrom 12, Evan Polei 1) at 1:21
8. Los Angeles Kings , Nicklas Backstrom 6 (K'Andre Miller 6, Andrei Svechnikov 7) at 6:09
Penalties :
Nicklas Backstrom (LAK) for Fighting (Major) at 6:37, Carson Soucy (AZC) for Fighting (Major) at 6:37, Evan Polei (LAK) for Fighting (Major) at 18:43, Tanner Jeannot (AZC) for Fighting (Major) at 18:43
Goalie Stats
Elvis Merzlikins (AZC), 12 saves from 16 shots - (0.750), L, 2-4-1, 38:49 minutes
Kaapo Kahkonen (AZC), 20 saves from 22 shots - (0.909), 21:11 minutes
Aaron Dell (LAK), 28 saves from 30 shots - (0.933), W, 1-0-0, 60:00 minutes
Players Stats for Arizona Coyotes
Player Name G A P +/- PIM S H SB GA TA FO MP PP MP PK MP
------------------------------------------------------------------------------------
Brandon Tanev 0 0 0 0 0 1 1 0 0 0 0/0 10:28 0:16 0:53
Brayden McNabb 0 0 0 -3 0 3 1 1 2 1 0/0 23:44 3:48 0:46
Carson Soucy 0 0 0 -4 5 0 0 1 0 0 0/0 17:47 2:09 0:00
Charlie Coyle 0 0 0 -2 0 1 1 1 1 0 2/3 19:04 2:09 0:49
Claude Giroux 1 0 1 -2 0 3 0 0 1 0 8/17 18:24 2:09 0:00
David Krejci 0 1 1 0 0 4 0 0 0 0 2/6 14:45 3:32 0:15
Dmitry Orlov 0 0 0 -1 0 1 3 3 0 0 0/0 23:36 2:09 1:13
Erik Haula 0 0 0 -2 0 0 1 1 0 0 9/15 17:20 0:00 0:55
Ilya Mikheyev 0 0 0 -1 0 2 0 1 0 0 0/0 12:26 0:16 1:03
James van Riemsdyk 0 0 0 -1 0 2 0 0 0 0 0/0 10:41 0:16 0:00
Jani Hakanpaa 0 0 0 0 0 0 2 2 0 0 0/0 13:32 0:00 0:00
Jared Spurgeon 0 1 1 0 0 0 0 1 0 3 0/0 24:57 3:48 1:13
Mats Zuccarello 0 1 1 -2 0 0 0 0 2 0 1/2 18:23 2:09 0:03
Ondrej Palat 0 0 0 -1 0 1 3 3 1 0 0/1 19:02 3:32 0:00
Radko Gudas 0 0 0 0 0 3 1 3 0 1 0/0 15:45 0:00 0:46
Ross Colton 0 0 0 0 0 0 0 0 1 0 2/3 9:11 0:00 0:00
Tanner Jeannot 0 0 0 0 7 1 0 0 1 0 0/0 9:56 0:00 0:00
Tyler Seguin 1 0 1 -1 0 8 0 3 1 2 3/4 18:57 3:32 0:00
Players Stats for Los Angeles Kings
Player Name G A P +/- PIM S H SB GA TA FO MP PP MP PK MP
------------------------------------------------------------------------------------
Alexander Radulov 1 0 1 1 0 2 2 0 2 0 0/1 15:21 0:47 0:00
Andrei Svechnikov 1 3 4 5 4 12 0 0 1 1 1/4 20:47 1:12 1:03
Cooper Marody 0 0 0 -1 0 1 0 1 0 1 2/3 11:54 0:00 2:18
Dominik Kubalik 0 1 1 0 0 1 3 0 1 0 0/1 17:43 0:47 2:20
Erik Brannstrom 0 0 0 -1 0 0 3 2 0 2 0/0 20:39 0:57 2:06
Evan Polei 0 1 1 0 5 0 1 0 0 0 0/0 9:20 0:00 0:00
Jakub Zboril 0 0 0 1 0 0 0 0 0 0 0/0 13:08 0:00 0:00
K'Andre Miller 0 1 1 4 0 0 1 0 0 1 0/0 26:13 1:02 3:51
Kirby Dach 1 0 1 5 0 5 1 2 0 0 1/3 21:48 1:12 2:14
Mike Matheson 0 0 0 -1 0 0 1 1 0 1 0/0 20:39 0:57 2:06
Nicklas Backstrom 3 2 5 5 5 7 0 0 0 0 16/27 21:07 1:12 3:09
Noah Dobson 0 1 1 4 0 3 4 2 0 1 0/0 26:13 1:02 3:51
Peyton Krebs 0 0 0 -1 0 3 2 0 0 1 2/4 11:17 0:00 0:31
Rasmus Sandin 0 1 1 1 0 2 0 1 0 1 0/0 13:08 0:00 0:00
Ryan Reaves 0 0 0 -1 0 0 0 0 1 0 0/0 9:54 0:00 0:00
Seth Jarvis 0 0 0 0 2 1 1 0 1 0 2/8 15:22 0:47 0:00
Tyler Gaudet 0 0 0 -1 0 1 0 1 0 1 0/0 10:04 0:00 0:19
Vitaly Kravtsov 0 0 0 0 0 0 0 0 1 0 0/0 9:21 0:00 0:00
3 Stars
1 - Nicklas Backstrom (LAK)
2 - Andrei Svechnikov (LAK)
3 - Kirby Dach (LAK)
Power Play
Arizona Coyotes - 0 on 3 Attempt(s) - 0.00%
Los Angeles Kings - 0 on 1 Attempt(s) - 0.00%
Penalty Kill
Arizona Coyotes - 1 on 1 Attempt(s) - 100.00%
- Score 0 goal in Penalty Kill
Los Angeles Kings - 3 on 3 Attempt(s) - 100.00%
- Score 0 goal in Penalty Kill
Team Stat
Arizona Coyotes - Hits : 13 - Faceoff Wins : 27 - Blocked Shots : 20 - Penalty Minutes : 12
Los Angeles Kings - Hits : 19 - Faceoff Wins : 24 - Blocked Shots : 10 - Penalty Minutes : 16
Official
Referees : Wes McCauley and TJ Luxmore
Linesman : Vaughan Rody and Michel Cormier
Game Notes
Kaapo Kahkonen enters game at 18:49 of 2nd period
Nicklas Backstrom has scored a Hat Trick!
Nicklas Backstrom and Carson Soucy fight to a draw at 6:37 of 3rd period
Tanner Jeannot beats up Evan Polei at 18:43 of 3rd period
Finance
Level 1 -- Attendance: 4435 (73.92%) -- Ticket Income $443,500
Level 2 -- Attendance: 4254 (85.08%) -- Ticket Income $255,240
Level 3 -- Attendance: 2724 (90.80%) -- Ticket Income $95,340
Level 4 -- Attendance: 3460 (69.20%) -- Ticket Income $86,500
Luxury Box -- Attendance: 772 (77.20%) -- Ticket Income $154,400
Game was played at the Staples Center.
Total Attendance: 15645 (78.23%)
Total Ticket Income: $1,034,980
Other Income: $362,243
Total Income: $1,397,223
Arizona Coyotes
5 vs 5 Forward
Center Left Wing Right Wing Time % Phy DF OF
1 Claude Giroux Mats Zuccarello Charlie Coyle 37 0 2 3
2 Erik Haula Ondrej Palat Tyler Seguin 33 0 2 3
3 David Krejci Ilya Mikheyev James van Riemsdyk 20 0 2 3
4 Ross Colton Tanner Jeannot Brandon Tanev 10 1 2 2
5 vs 5 Defense
Defense Defense Time % Phy DF OF
1 Dmitry Orlov Jared Spurgeon 40 1 2 2
2 Brayden McNabb Carson Soucy 36 1 2 2
3 Radko Gudas Jani Hakanpaa 24 1 3 1
4 Brayden McNabb Jared Spurgeon 0 1 2 2
PowerPlay Forward
Center Left Wing Right Wing Time % Phy DF OF
1 Claude Giroux Mats Zuccarello Charlie Coyle 55 0 2 3
2 David Krejci Ondrej Palat Tyler Seguin 45 0 2 3
PowerPlay Defense
Defense Defense Time % Phy DF OF
1 Brayden McNabb Jared Spurgeon 55 1 2 2
2 Dmitry Orlov Carson Soucy 45 1 2 2
Penalty Kill 4 Players Forward
Center Wing Time % Phy DF OF
1 Erik Haula Ilya Mikheyev 55 0 2 3
2 Charlie Coyle Tanner Jeannot 45 1 3 1
Penalty Kill 4 Players Defense
Defense Defense Time % Phy DF OF
1 Brayden McNabb Radko Gudas 50 1 3 1
2 Dmitry Orlov Jared Spurgeon 50 1 3 1
Penalty Kill - 3 Players Forward
Forward Time % Phy DF OF
1 Ross Colton 50 0 2 3
2 Tyler Seguin 50 0 2 3
Penalty Kill - 3 Players Defense
Defense Defense Time % Phy DF OF
1 Jani Hakanpaa Radko Gudas 60 2 3 0
2 Dmitry Orlov Jared Spurgeon 40 0 2 3
4 vs 4 Forward
Center Wing Time % Phy DF OF
1 Claude Giroux Mats Zuccarello 50 0 2 3
2 Charlie Coyle David Krejci 50 0 2 3
4 vs 4 Defense
Defense Defense Time % Phy DF OF
1 Brayden McNabb Carson Soucy 50 1 2 2
2 Dmitry Orlov Jared Spurgeon 50 1 2 2
Last Minutes Offensive
Center Left Wing Right Wing Defense Defense
Claude Giroux Mats Zuccarello Charlie Coyle Brayden McNabb Jared Spurgeon
Last Minutes Defensive
Center Left Wing Right Wing Defense Defense
Claude Giroux Mats Zuccarello Charlie Coyle Brayden McNabb Jared Spurgeon
Goaltenders
Starting : Elvis Merzlikins
Backup : Kaapo Kahkonen
Extra Forwards
Normal : Ilya Mikheyev, James van Riemsdyk, Erik Haula - PP : Ilya Mikheyev, James van Riemsdyk - PK : Erik Haula
Extra Defensemen
Normal : Radko Gudas, Jani Hakanpaa, Dmitry Orlov - PP : Radko Gudas - PK : Jani Hakanpaa, Dmitry Orlov
Penalty Shots
Claude Giroux, Mats Zuccarello, Charlie Coyle, David Krejci, Ondrej Palat
Los Angeles Kings
5 vs 5 Forward
Center Left Wing Right Wing Time % Phy DF OF
1 Nicklas Backstrom Andrei Svechnikov Kirby Dach 40 1 2 2
2 Seth Jarvis Dominik Kubalik Alexander Radulov 30 1 2 2
3 Peyton Krebs Tyler Gaudet Ryan Reaves 20 1 2 2
4 Cooper Marody Evan Polei Vitaly Kravtsov 10 1 2 2
5 vs 5 Defense
Defense Defense Time % Phy DF OF
1 Noah Dobson K'Andre Miller 40 1 2 2
2 Mike Matheson Erik Brannstrom 30 1 2 2
3 Jakub Zboril Rasmus Sandin 20 1 2 2
4 Noah Dobson K'Andre Miller 10 1 2 2
PowerPlay Forward
Center Left Wing Right Wing Time % Phy DF OF
1 Nicklas Backstrom Andrei Svechnikov Kirby Dach 60 1 2 2
2 Seth Jarvis Dominik Kubalik Alexander Radulov 40 1 2 2
PowerPlay Defense
Defense Defense Time % Phy DF OF
1 Noah Dobson K'Andre Miller 60 1 2 2
2 Mike Matheson Erik Brannstrom 40 1 2 2
Penalty Kill 4 Players Forward
Center Wing Time % Phy DF OF
1 Andrei Svechnikov Nicklas Backstrom 60 1 2 2
2 Kirby Dach Dominik Kubalik 40 1 2 2
Penalty Kill 4 Players Defense
Defense Defense Time % Phy DF OF
1 Noah Dobson K'Andre Miller 60 1 2 2
2 Mike Matheson Erik Brannstrom 40 1 2 2
Penalty Kill - 3 Players Forward
Forward Time % Phy DF OF
1 Andrei Svechnikov 60 1 2 2
2 Nicklas Backstrom 40 1 2 2
Penalty Kill - 3 Players Defense
Defense Defense Time % Phy DF OF
1 Noah Dobson K'Andre Miller 60 1 2 2
2 Mike Matheson Erik Brannstrom 40 1 2 2
4 vs 4 Forward
Center Wing Time % Phy DF OF
1 Andrei Svechnikov Nicklas Backstrom 60 1 2 2
2 Kirby Dach Dominik Kubalik 40 1 2 2
4 vs 4 Defense
Defense Defense Time % Phy DF OF
1 Noah Dobson K'Andre Miller 60 1 2 2
2 Mike Matheson Erik Brannstrom 40 1 2 2
Last Minutes Offensive
Center Left Wing Right Wing Defense Defense
Nicklas Backstrom Andrei Svechnikov Kirby Dach Noah Dobson K'Andre Miller
Last Minutes Defensive
Center Left Wing Right Wing Defense Defense
Nicklas Backstrom Andrei Svechnikov Kirby Dach Noah Dobson K'Andre Miller
Goaltenders
Starting : Aaron Dell
Backup : John Gibson
Extra Forwards
Normal : Peyton Krebs, Ryan Reaves, Cooper Marody - PP : Peyton Krebs, Ryan Reaves - PK : Cooper Marody
Extra Defensemen
Normal : Jakub Zboril, Rasmus Sandin, Mike Matheson - PP : Jakub Zboril - PK : Rasmus Sandin, Mike Matheson
Penalty Shots
Andrei Svechnikov, Nicklas Backstrom, Kirby Dach, Dominik Kubalik, Alexander Radulov
% Time on Ice - Arizona Coyotes
Lines # - Real PCT - Wanted PCT - Time Play
Normal Forward
1 - 34% - 37% - 17:47
2 - 30% - 33% - 15:29
3 - 18% - 20% - 9:37
4 - 18% - 10% - 9:11
Normal Defense
1 - 40% - 40% - 20:59
2 - 36% - 36% - 18:42
3 - 24% - 24% - 12:15
4 - 0% - 0% - 0:08
PP Forward
1 - 41% - 55% - 2:25
2 - 59% - 45% - 3:32
PP Defense
1 - 64% - 55% - 3:48
2 - 36% - 45% - 2:09
PK Forward
1 - 46% - 55% - 0:55
2 - 54% - 45% - 1:04
PK Defense
1 - 39% - 50% - 0:46
2 - 61% - 50% - 1:13
PK3 Forward
1 - 0% - 50%
2 - 0% - 50%
PK3 Defense
1 - 0% - 60%
2 - 0% - 40%
44 Forward
1 - 0% - 50%
2 - 0% - 50%
44 Defense
1 - 0% - 50%
2 - 0% - 50%
Last Minute Offensive - 0:00
Last Minute Defensive - 0:00
Total
Forward - 60:00
Defense - 60:00
|
% Time on Ice - Los Angeles Kings
Lines # - Real PCT - Wanted PCT - Time Play
Normal Forward
1 - 36% - 40% - 18:36
2 - 28% - 30% - 14:34
3 - 18% - 20% - 9:33
4 - 18% - 10% - 9:21
Normal Defense
1 - 38% - 40% - 19:32
2 - 34% - 30% - 17:36
3 - 25% - 20% - 13:08
4 - 3% - 10% - 1:48
PP Forward
1 - 61% - 60% - 1:12
2 - 39% - 40% - 0:47
PP Defense
1 - 52% - 60% - 1:02
2 - 48% - 40% - 0:57
PK Forward
1 - 94% - 60% - 5:34
2 - 6% - 40% - 0:23
PK Defense
1 - 65% - 60% - 3:51
2 - 35% - 40% - 2:06
PK3 Forward
1 - 0% - 60%
2 - 0% - 40%
PK3 Defense
1 - 0% - 60%
2 - 0% - 40%
44 Forward
1 - 0% - 60%
2 - 0% - 40%
44 Defense
1 - 0% - 60%
2 - 0% - 40%
Last Minute Offensive - 0:00
Last Minute Defensive - 0:00
Total
Forward - 60:00
Defense - 60:00
|
Play-by-Play
1st period
0:01 of 1st period - Claude Giroux wins face-off versus Nicklas Backstrom in neutral zone.
0:04 of 1st period - Wrist shot by Claude Giroux.
0:04 of 1st period - Stopped by Aaron Dell without a rebound.
0:05 of 1st period - Nicklas Backstrom wins face-off versus Claude Giroux in Los Angeles Kings zone.
1:02 of 1st period - Off-side.
1:03 of 1st period - David Krejci wins face-off versus Peyton Krebs in neutral zone.
1:06 of 1st period - Snap shot by David Krejci.
1:06 of 1st period - Deflect By Tyler Gaudet.
1:06 of 1st period - Stopped by Aaron Dell with a rebound.
1:26 of 1st period - Snap shot by Ilya Mikheyev.
1:26 of 1st period - Stopped by Aaron Dell with a rebound.
1:28 of 1st period - Slapshot by Radko Gudas.
1:28 of 1st period - Stopped by Aaron Dell with a rebound.
1:30 of 1st period - Slapshot by Radko Gudas.
1:30 of 1st period - Stopped by Aaron Dell with a rebound.
1:54 of 1st period - Wrist shot by James van Riemsdyk.
1:54 of 1st period - Shot Blocked by Erik Brannstrom.
1:56 of 1st period - Slapshot by Ilya Mikheyev.
1:56 of 1st period - Shot Blocked by Tyler Gaudet.
1:58 of 1st period - Wrist shot by James van Riemsdyk.
1:58 of 1st period - Shot Blocked by Mike Matheson.
2:16 of 1st period - Wrist shot by Ilya Mikheyev.
2:16 of 1st period - Deflect By David Krejci.
2:16 of 1st period - Stopped by Aaron Dell without a rebound.
2:17 of 1st period - Nicklas Backstrom wins face-off versus Claude Giroux in Los Angeles Kings zone.
3:19 of 1st period - Icing by Carson Soucy.
3:20 of 1st period - Nicklas Backstrom wins face-off versus Claude Giroux in Arizona Coyotes zone.
3:25 of 1st period - Snap shot by Andrei Svechnikov.
3:25 of 1st period - Stopped by Elvis Merzlikins without a rebound.
3:26 of 1st period - Nicklas Backstrom wins face-off versus Claude Giroux in Arizona Coyotes zone.
3:35 of 1st period - Wrist shot by Mats Zuccarello.
3:35 of 1st period - Shot Misses the Net.
3:51 of 1st period - Slapshot by Kirby Dach.
3:51 of 1st period - Shot Misses the Net.
3:53 of 1st period - Snap shot by Kirby Dach.
3:53 of 1st period - Stopped by Elvis Merzlikins without a rebound.
3:54 of 1st period - Erik Haula wins face-off versus Seth Jarvis in Arizona Coyotes zone.
4:19 of 1st period - Ross Colton is hit by Evan Polei and loses puck.
4:44 of 1st period - Wrist shot by Andrei Svechnikov.
4:44 of 1st period - Shot Misses the Net.
4:46 of 1st period - Snap shot by Kirby Dach.
4:46 of 1st period - Stopped by Elvis Merzlikins without a rebound.
4:47 of 1st period - Erik Haula wins face-off versus Nicklas Backstrom in Arizona Coyotes zone.
4:47 of 1st period - Erik Haula is hit by Erik Brannstrom.
5:13 of 1st period - Seth Jarvis is hit by Dmitry Orlov and loses puck.
6:05 of 1st period - Wrist shot by Brandon Tanev.
6:05 of 1st period - Deflect By Tanner Jeannot.
6:05 of 1st period - Stopped by Aaron Dell without a rebound.
6:06 of 1st period - Erik Haula wins face-off versus Kirby Dach in Los Angeles Kings zone.
6:11 of 1st period - Snap shot by Tyler Seguin.
6:11 of 1st period - Stopped by Aaron Dell with a rebound.
6:56 of 1st period - Rasmus Sandin is hit by Brayden McNabb and loses puck.
7:36 of 1st period - Off-side.
7:37 of 1st period - Ross Colton wins face-off versus Cooper Marody in neutral zone.
7:46 of 1st period - Snap shot by Brandon Tanev.
7:46 of 1st period - Stopped by Aaron Dell without a rebound.
7:47 of 1st period - Claude Giroux wins face-off versus Nicklas Backstrom in Los Angeles Kings zone.
7:48 of 1st period - Wrist shot by Mats Zuccarello.
7:48 of 1st period - Shot Misses the Net.
8:21 of 1st period - Slapshot by Tyler Seguin.
8:21 of 1st period - Stopped by Aaron Dell without a rebound.
8:22 of 1st period - Nicklas Backstrom wins face-off versus Claude Giroux in Los Angeles Kings zone.
8:47 of 1st period - Mike Matheson is hit by Dmitry Orlov and loses puck.
9:12 of 1st period - Wrist shot by Cooper Marody.
9:12 of 1st period - Shot Misses the Net.
10:20 of 1st period - Tyler Gaudet is hit by Ondrej Palat and loses puck.
11:07 of 1st period - Minor Penalty to Tanner Jeannot for Hooking.
11:08 of 1st period - Erik Haula wins face-off versus Nicklas Backstrom in Arizona Coyotes zone.
12:56 of 1st period - Icing by Kirby Dach.
12:57 of 1st period - Nicklas Backstrom wins face-off versus David Krejci in Los Angeles Kings zone.
13:07 of 1st period - Penalty to Tanner Jeannot is over, Tanner Jeannot is back on ice.
13:11 of 1st period - Erik Brannstrom is hit by Erik Haula and loses puck.
13:36 of 1st period - Wrist shot by Erik Haula.
13:36 of 1st period - Shot Blocked by Kirby Dach.
13:52 of 1st period - Slapshot by Andrei Svechnikov.
13:52 of 1st period - Stopped by Elvis Merzlikins with a rebound.
14:15 of 1st period - Snap shot by Erik Haula.
14:15 of 1st period - Shot Blocked by Kirby Dach.
14:17 of 1st period - Slapshot by Radko Gudas.
14:17 of 1st period - Stopped by Aaron Dell with a rebound.
14:19 of 1st period - Slapshot by Ilya Mikheyev.
14:19 of 1st period - Stopped by Aaron Dell with a rebound.
14:21 of 1st period - Slapshot by Brayden McNabb.
14:21 of 1st period - Stopped by Aaron Dell with a rebound.
14:23 of 1st period - Backhand shot by Radko Gudas.
14:23 of 1st period - Shot Hit the Post.
14:47 of 1st period - Snap shot by Nicklas Backstrom.
14:47 of 1st period - Deflect By Andrei Svechnikov.
14:47 of 1st period - Shot Blocked by Radko Gudas.
14:47 of 1st period - Puck is out of play.
14:48 of 1st period - Claude Giroux wins face-off versus Seth Jarvis in Arizona Coyotes zone.
15:13 of 1st period - Dmitry Orlov is hit by K'Andre Miller and loses puck.
17:03 of 1st period - Brandon Tanev is hit by Dominik Kubalik and loses puck.
17:30 of 1st period - Erik Brannstrom is hit by Brandon Tanev and loses puck.
17:57 of 1st period - Jared Spurgeon is hit by Dominik Kubalik and loses puck.
19:43 of 1st period - Icing by Tyler Seguin.
19:44 of 1st period - Charlie Coyle wins face-off versus Seth Jarvis in Arizona Coyotes zone.
Goals for this period are 0 for Arizona Coyotes vs 0 for Los Angeles Kings.
Shots for this period are 13 for Arizona Coyotes vs 4 for Los Angeles Kings.
2nd period
0:01 of 2nd period - Nicklas Backstrom wins face-off versus Tyler Seguin in neutral zone.
0:08 of 2nd period - Backhand shot by Nicklas Backstrom.
0:08 of 2nd period - Deflect By Andrei Svechnikov.
0:08 of 2nd period - Stopped by Elvis Merzlikins with a rebound.
0:16 of 2nd period - Slapshot by Tyler Seguin.
0:16 of 2nd period - Stopped by Aaron Dell with a rebound.
0:34 of 2nd period - Backhand shot by James van Riemsdyk.
0:34 of 2nd period - Stopped by Aaron Dell with a rebound.
0:36 of 2nd period - Minor Penalty to Seth Jarvis for Hooking.
0:37 of 2nd period - Claude Giroux wins face-off versus Andrei Svechnikov in Los Angeles Kings zone.
0:55 of 2nd period - Claude Giroux is hit by Noah Dobson and loses puck.
1:19 of 2nd period - Icing by Brayden McNabb.
1:20 of 2nd period - Kirby Dach wins face-off versus David Krejci in Arizona Coyotes zone.
2:13 of 2nd period - Snap shot by David Krejci.
2:13 of 2nd period - Stopped by Aaron Dell with a rebound.
2:23 of 2nd period - Wrist shot by Ondrej Palat.
2:23 of 2nd period - Shot Blocked by Cooper Marody.
2:25 of 2nd period - Slapshot by Brayden McNabb.
2:25 of 2nd period - Stopped by Aaron Dell with a rebound.
2:36 of 2nd period - Penalty to Seth Jarvis is over, Seth Jarvis is back on ice.
2:37 of 2nd period - Snap shot by Tyler Seguin.
2:37 of 2nd period - Goal by Tyler Seguin - Arizona Coyotes : 1 - Los Angeles Kings : 0.
2:38 of 2nd period - Charlie Coyle wins face-off versus Nicklas Backstrom in neutral zone.
2:48 of 2nd period - Snap shot by Andrei Svechnikov.
2:48 of 2nd period - Shot Hit the Post.
2:50 of 2nd period - Slapshot by Kirby Dach.
2:50 of 2nd period - Shot Blocked by Jani Hakanpaa.
2:52 of 2nd period - Slapshot by Mike Matheson.
2:52 of 2nd period - Shot Blocked by Radko Gudas.
2:54 of 2nd period - Backhand shot by Nicklas Backstrom.
2:54 of 2nd period - Shot Misses the Net.
3:16 of 2nd period - Snap shot by Seth Jarvis.
3:16 of 2nd period - Shot Blocked by Dmitry Orlov.
3:53 of 2nd period - Off-side.
3:54 of 2nd period - Nicklas Backstrom wins face-off versus David Krejci in neutral zone.
3:57 of 2nd period - Snap shot by Andrei Svechnikov.
3:57 of 2nd period - Stopped by Elvis Merzlikins with a rebound.
4:09 of 2nd period - Slapshot by Andrei Svechnikov.
4:09 of 2nd period - Shot Blocked by Radko Gudas.
4:32 of 2nd period - Snap shot by Andrei Svechnikov.
4:32 of 2nd period - Stopped by Elvis Merzlikins without a rebound.
4:33 of 2nd period - David Krejci wins face-off versus Seth Jarvis in Arizona Coyotes zone.
4:46 of 2nd period - Snap shot by David Krejci.
4:46 of 2nd period - Shot Misses the Net.
4:48 of 2nd period - Slapshot by Jared Spurgeon.
4:48 of 2nd period - Shot Hit the Post.
6:19 of 2nd period - Charlie Coyle is hit by Mike Matheson and loses puck.
6:28 of 2nd period - Alexander Radulov is hit by Dmitry Orlov and loses puck.
6:54 of 2nd period - Charlie Coyle is hit by Seth Jarvis and loses puck.
7:23 of 2nd period - Snap shot by Mats Zuccarello.
7:23 of 2nd period - Shot Misses the Net.
7:31 of 2nd period - Snap shot by Dominik Kubalik.
7:31 of 2nd period - Deflect By Alexander Radulov.
7:31 of 2nd period - Goal by Alexander Radulov - Arizona Coyotes : 1 - Los Angeles Kings : 1.
7:32 of 2nd period - Erik Haula wins face-off versus Nicklas Backstrom in neutral zone.
7:41 of 2nd period - Wrist shot by Tyler Seguin.
7:41 of 2nd period - Stopped by Aaron Dell with a rebound.
7:43 of 2nd period - Minor Penalty to Andrei Svechnikov for Hooking.
7:44 of 2nd period - Nicklas Backstrom wins face-off versus Ondrej Palat in Los Angeles Kings zone.
7:58 of 2nd period - Snap shot by Ondrej Palat.
7:58 of 2nd period - Shot Misses the Net.
8:00 of 2nd period - Slapshot by Jared Spurgeon.
8:00 of 2nd period - Shot Blocked by Noah Dobson.
9:43 of 2nd period - Penalty to Andrei Svechnikov is over, Andrei Svechnikov is back on ice.
10:44 of 2nd period - Snap shot by Cooper Marody.
10:44 of 2nd period - Shot Misses the Net.
11:20 of 2nd period - Minor Penalty to Andrei Svechnikov for Interference.
11:21 of 2nd period - Cooper Marody wins face-off versus Claude Giroux in Los Angeles Kings zone.
11:32 of 2nd period - Noah Dobson is hit by Charlie Coyle and loses puck.
11:57 of 2nd period - Noah Dobson is hit by Ondrej Palat and loses puck.
12:19 of 2nd period - Icing by Tyler Seguin.
12:20 of 2nd period - Tyler Seguin wins face-off versus Dominik Kubalik in Arizona Coyotes zone.
13:20 of 2nd period - Penalty to Andrei Svechnikov is over, Andrei Svechnikov is back on ice.
13:33 of 2nd period - Slapshot by K'Andre Miller.
13:33 of 2nd period - Shot Misses the Net.
14:15 of 2nd period - Snap shot by Tyler Seguin.
14:15 of 2nd period - Shot Misses the Net.
14:17 of 2nd period - Slapshot by Charlie Coyle.
14:17 of 2nd period - Stopped by Aaron Dell without a rebound.
14:18 of 2nd period - Nicklas Backstrom wins face-off versus Claude Giroux in Los Angeles Kings zone.
14:29 of 2nd period - Backhand shot by Claude Giroux.
14:29 of 2nd period - Stopped by Aaron Dell without a rebound.
14:30 of 2nd period - Peyton Krebs wins face-off versus Erik Haula in Los Angeles Kings zone.
16:00 of 2nd period - Snap shot by Claude Giroux.
16:00 of 2nd period - Goal by Claude Giroux - Arizona Coyotes : 2 - Los Angeles Kings : 1.
16:01 of 2nd period - Nicklas Backstrom wins face-off versus Erik Haula in neutral zone.
16:06 of 2nd period - Snap shot by Andrei Svechnikov.
16:06 of 2nd period - Shot Misses the Net.
16:08 of 2nd period - Wrist shot by Kirby Dach.
16:08 of 2nd period - Shot Blocked by Ondrej Palat.
16:10 of 2nd period - Wrist shot by Kirby Dach.
16:10 of 2nd period - Stopped by Elvis Merzlikins with a rebound.
16:12 of 2nd period - Wrist shot by Kirby Dach.
16:12 of 2nd period - Stopped by Elvis Merzlikins with a rebound.
16:26 of 2nd period - Erik Haula is hit by Peyton Krebs and loses puck.
16:39 of 2nd period - Slapshot by Noah Dobson.
16:39 of 2nd period - Stopped by Elvis Merzlikins without a rebound.
16:40 of 2nd period - Andrei Svechnikov wins face-off versus Charlie Coyle in Arizona Coyotes zone.
16:47 of 2nd period - Snap shot by Nicklas Backstrom.
16:47 of 2nd period - Goal by Nicklas Backstrom - Arizona Coyotes : 2 - Los Angeles Kings : 2.
16:48 of 2nd period - Nicklas Backstrom wins face-off versus Erik Haula in neutral zone.
16:57 of 2nd period - Wrist shot by Andrei Svechnikov.
16:57 of 2nd period - Stopped by Elvis Merzlikins without a rebound.
16:58 of 2nd period - Erik Haula wins face-off versus Andrei Svechnikov in Arizona Coyotes zone.
17:13 of 2nd period - Erik Haula is hit by Noah Dobson and loses puck.
17:22 of 2nd period - Slapshot by Andrei Svechnikov.
17:22 of 2nd period - Shot Blocked by Brayden McNabb.
17:32 of 2nd period - Snap shot by Nicklas Backstrom.
17:32 of 2nd period - Shot Misses the Net.
17:34 of 2nd period - Slapshot by Nicklas Backstrom.
17:34 of 2nd period - Shot Misses the Net.
17:36 of 2nd period - Snap shot by Kirby Dach.
17:36 of 2nd period - Shot Misses the Net.
17:38 of 2nd period - Slapshot by Noah Dobson.
17:38 of 2nd period - Shot Blocked by Tyler Seguin.
17:40 of 2nd period - Slapshot by Noah Dobson.
17:40 of 2nd period - Shot Blocked by Erik Haula.
17:42 of 2nd period - Snap shot by Nicklas Backstrom.
17:42 of 2nd period - Shot Blocked by Ondrej Palat.
17:44 of 2nd period - Wrist shot by Nicklas Backstrom.
17:44 of 2nd period - Stopped by Elvis Merzlikins with a rebound.
17:46 of 2nd period - Snap shot by Andrei Svechnikov.
17:46 of 2nd period - Shot Blocked by Ondrej Palat.
17:48 of 2nd period - Slapshot by Noah Dobson.
17:48 of 2nd period - Deflect By Nicklas Backstrom.
17:48 of 2nd period - Goal by Nicklas Backstrom - Arizona Coyotes : 2 - Los Angeles Kings : 3.
17:49 of 2nd period - Mats Zuccarello wins face-off versus Seth Jarvis in neutral zone.
18:30 of 2nd period - Snap shot by Alexander Radulov.
18:30 of 2nd period - Shot Misses the Net.
18:32 of 2nd period - Slapshot by Erik Brannstrom.
18:32 of 2nd period - Deflect By Seth Jarvis.
18:32 of 2nd period - Shot Blocked by Carson Soucy.
18:32 of 2nd period - Puck is out of play.
18:33 of 2nd period - Erik Haula wins face-off versus Nicklas Backstrom in Arizona Coyotes zone.
18:47 of 2nd period - Snap shot by Kirby Dach.
18:47 of 2nd period - Shot Blocked by Tyler Seguin.
18:49 of 2nd period - Snap shot by Kirby Dach.
18:49 of 2nd period - Goal by Kirby Dach - Arizona Coyotes : 2 - Los Angeles Kings : 4.
18:49 of 2nd period - Kaapo Kahkonen enters game.
18:50 of 2nd period - Erik Haula wins face-off versus Nicklas Backstrom in neutral zone.
19:03 of 2nd period - Snap shot by Ondrej Palat.
19:03 of 2nd period - Stopped by Aaron Dell with a rebound.
19:05 of 2nd period - Slapshot by Dmitry Orlov.
19:05 of 2nd period - Stopped by Aaron Dell with a rebound.
19:15 of 2nd period - Dmitry Orlov is hit by Alexander Radulov.
19:19 of 2nd period - Wrist shot by Claude Giroux.
19:19 of 2nd period - Deflect By Charlie Coyle.
19:19 of 2nd period - Shot Blocked by Noah Dobson.
19:19 of 2nd period - Puck is out of play.
19:20 of 2nd period - Seth Jarvis wins face-off versus Claude Giroux in Los Angeles Kings zone.
19:33 of 2nd period - Snap shot by Seth Jarvis.
19:33 of 2nd period - Stopped by Kaapo Kahkonen with a rebound.
19:35 of 2nd period - Wrist shot by Dominik Kubalik.
19:35 of 2nd period - Stopped by Kaapo Kahkonen without a rebound.
19:36 of 2nd period - Erik Haula wins face-off versus Andrei Svechnikov in Arizona Coyotes zone.
19:46 of 2nd period - Snap shot by Kirby Dach.
19:46 of 2nd period - Shot Blocked by Tyler Seguin.
19:48 of 2nd period - Slapshot by Noah Dobson.
19:48 of 2nd period - Stopped by Kaapo Kahkonen with a rebound.
Goals for this period are 2 for Arizona Coyotes vs 4 for Los Angeles Kings.
Shots for this period are 11 for Arizona Coyotes vs 15 for Los Angeles Kings.
3rd period
0:01 of 3rd period - Tyler Seguin wins face-off versus Nicklas Backstrom in neutral zone.
0:50 of 3rd period - Carson Soucy is hit by Peyton Krebs and loses puck.
0:55 of 3rd period - Snap shot by Peyton Krebs.
0:55 of 3rd period - Shot Blocked by Charlie Coyle.
0:57 of 3rd period - Slapshot by Rasmus Sandin.
0:57 of 3rd period - Stopped by Kaapo Kahkonen with a rebound.
0:59 of 3rd period - Slapshot by Rasmus Sandin.
0:59 of 3rd period - Stopped by Kaapo Kahkonen with a rebound.
1:21 of 3rd period - Snap shot by Andrei Svechnikov.
1:21 of 3rd period - Goal by Andrei Svechnikov - Arizona Coyotes : 2 - Los Angeles Kings : 5.
1:22 of 3rd period - Nicklas Backstrom wins face-off versus Erik Haula in neutral zone.
1:47 of 3rd period - Nicklas Backstrom is hit by Radko Gudas and loses puck.
1:52 of 3rd period - Wrist shot by Ilya Mikheyev.
1:52 of 3rd period - Shot Misses the Net.
2:57 of 3rd period - Snap shot by Ondrej Palat.
2:57 of 3rd period - Shot Misses the Net.
2:59 of 3rd period - Slapshot by Tyler Seguin.
2:59 of 3rd period - Stopped by Aaron Dell with a rebound.
3:01 of 3rd period - Snap shot by Tyler Seguin.
3:01 of 3rd period - Stopped by Aaron Dell without a rebound.
3:02 of 3rd period - Claude Giroux wins face-off versus Alexander Radulov in Los Angeles Kings zone.
3:17 of 3rd period - Mats Zuccarello is hit by Dominik Kubalik.
3:48 of 3rd period - Snap shot by James van Riemsdyk.
3:48 of 3rd period - Stopped by Aaron Dell without a rebound.
3:49 of 3rd period - Cooper Marody wins face-off versus David Krejci in Los Angeles Kings zone.
4:05 of 3rd period - Wrist shot by Cooper Marody.
4:05 of 3rd period - Stopped by Kaapo Kahkonen without a rebound.
4:06 of 3rd period - Tyler Seguin wins face-off versus Nicklas Backstrom in Arizona Coyotes zone.
4:32 of 3rd period - Snap shot by Alexander Radulov.
4:32 of 3rd period - Stopped by Kaapo Kahkonen with a rebound.
4:42 of 3rd period - Snap shot by Dominik Kubalik.
4:42 of 3rd period - Shot Misses the Net.
4:54 of 3rd period - Snap shot by James van Riemsdyk.
4:54 of 3rd period - Shot Blocked by Erik Brannstrom.
5:20 of 3rd period - Slapshot by Evan Polei.
5:20 of 3rd period - Shot Misses the Net.
5:22 of 3rd period - Slapshot by Mike Matheson.
5:22 of 3rd period - Shot Misses the Net.
5:24 of 3rd period - Slapshot by Mike Matheson.
5:24 of 3rd period - Deflect By Cooper Marody.
5:24 of 3rd period - Deflect By Carson Soucy.
5:24 of 3rd period - Shot Misses the Net.
5:24 of 3rd period - Puck is out of play.
5:25 of 3rd period - Nicklas Backstrom wins face-off versus Erik Haula in Arizona Coyotes zone.
5:34 of 3rd period - Noah Dobson is hit by Jani Hakanpaa and loses puck.
6:07 of 3rd period - Snap shot by Andrei Svechnikov.
6:07 of 3rd period - Stopped by Kaapo Kahkonen with a rebound.
6:09 of 3rd period - Slapshot by K'Andre Miller.
6:09 of 3rd period - Deflect By Nicklas Backstrom.
6:09 of 3rd period - Goal by Nicklas Backstrom - Arizona Coyotes : 2 - Los Angeles Kings : 6.
6:10 of 3rd period - Claude Giroux wins face-off versus Seth Jarvis in neutral zone.
6:32 of 3rd period - Icing by Jakub Zboril.
6:33 of 3rd period - Seth Jarvis wins face-off versus Erik Haula in Los Angeles Kings zone.
6:37 of 3rd period - Nicklas Backstrom and Carson Soucy fight to a draw.
6:37 of 3rd period - Penalty to Nicklas Backstrom for Fighting.
6:37 of 3rd period - Penalty to Carson Soucy for Fighting.
6:38 of 3rd period - Peyton Krebs wins face-off versus Claude Giroux in Arizona Coyotes zone.
6:45 of 3rd period - Snap shot by Kirby Dach.
6:45 of 3rd period - Shot Blocked by Dmitry Orlov.
6:47 of 3rd period - Snap shot by Peyton Krebs.
6:47 of 3rd period - Shot Hit the Post.
7:48 of 3rd period - Ross Colton is hit by Erik Brannstrom and loses puck.
7:57 of 3rd period - Wrist shot by Peyton Krebs.
7:57 of 3rd period - Stopped by Kaapo Kahkonen with a rebound.
7:59 of 3rd period - Snap shot by Andrei Svechnikov.
7:59 of 3rd period - Stopped by Kaapo Kahkonen with a rebound.
8:29 of 3rd period - Ondrej Palat is hit by Alexander Radulov and loses puck.
8:36 of 3rd period - Slapshot by Brayden McNabb.
8:36 of 3rd period - Stopped by Aaron Dell with a rebound.
8:50 of 3rd period - Slapshot by Noah Dobson.
8:50 of 3rd period - Stopped by Kaapo Kahkonen with a rebound.
8:52 of 3rd period - Snap shot by Evan Polei.
8:52 of 3rd period - Shot Misses the Net.
9:58 of 3rd period - Tyler Seguin is hit by Kirby Dach and loses puck.
11:02 of 3rd period - Jakub Zboril is hit by Ondrej Palat and loses puck.
11:11 of 3rd period - Snap shot by Ondrej Palat.
11:11 of 3rd period - Shot Blocked by Rasmus Sandin.
11:13 of 3rd period - Slapshot by Jani Hakanpaa.
11:13 of 3rd period - Deflect By Tyler Seguin.
11:13 of 3rd period - Stopped by Aaron Dell with a rebound.
11:29 of 3rd period - Peyton Krebs is hit by Jani Hakanpaa and loses puck.
12:28 of 3rd period - Jared Spurgeon is hit by Noah Dobson and loses puck.
13:20 of 3rd period - Snap shot by Nicklas Backstrom.
13:20 of 3rd period - Shot Misses the Net.
13:22 of 3rd period - Slapshot by Nicklas Backstrom.
13:22 of 3rd period - Deflect By Tanner Jeannot.
13:22 of 3rd period - Stopped by Kaapo Kahkonen without a rebound.
13:23 of 3rd period - Nicklas Backstrom wins face-off versus Ross Colton in Arizona Coyotes zone.
13:26 of 3rd period - Snap shot by Nicklas Backstrom.
13:26 of 3rd period - Stopped by Kaapo Kahkonen with a rebound.
13:28 of 3rd period - Wrist shot by Nicklas Backstrom.
13:28 of 3rd period - Stopped by Kaapo Kahkonen without a rebound.
13:29 of 3rd period - Nicklas Backstrom wins face-off versus Mats Zuccarello in Arizona Coyotes zone.
13:34 of 3rd period - Wrist shot by Nicklas Backstrom.
13:34 of 3rd period - Shot Misses the Net.
14:04 of 3rd period - Snap shot by Seth Jarvis.
14:04 of 3rd period - Shot Misses the Net.
14:14 of 3rd period - Wrist shot by Ilya Mikheyev.
14:14 of 3rd period - Deflect By David Krejci.
14:14 of 3rd period - Stopped by Aaron Dell with a rebound.
14:26 of 3rd period - Wrist shot by Ryan Reaves.
14:26 of 3rd period - Shot Blocked by Ilya Mikheyev.
15:06 of 3rd period - Snap shot by Andrei Svechnikov.
15:06 of 3rd period - Stopped by Kaapo Kahkonen with a rebound.
15:26 of 3rd period - Snap shot by Alexander Radulov.
15:26 of 3rd period - Shot Blocked by Jared Spurgeon.
15:33 of 3rd period - Icing by Jared Spurgeon.
15:34 of 3rd period - Ross Colton wins face-off versus Peyton Krebs in Arizona Coyotes zone.
16:36 of 3rd period - Dmitry Orlov is hit by Noah Dobson.
18:22 of 3rd period - Wrist shot by Peyton Krebs.
18:22 of 3rd period - Shot Misses the Net.
18:24 of 3rd period - Slapshot by Noah Dobson.
18:24 of 3rd period - Shot Misses the Net.
18:26 of 3rd period - Snap shot by Tyler Gaudet.
18:26 of 3rd period - Stopped by Kaapo Kahkonen with a rebound.
18:28 of 3rd period - Wrist shot by Peyton Krebs.
18:28 of 3rd period - Stopped by Kaapo Kahkonen with a rebound.
18:30 of 3rd period - Slapshot by K'Andre Miller.
18:30 of 3rd period - Shot Blocked by Jani Hakanpaa.
18:43 of 3rd period - Tanner Jeannot beats up Evan Polei.
18:43 of 3rd period - Penalty to Evan Polei for Fighting.
18:43 of 3rd period - Penalty to Tanner Jeannot for Fighting.
18:44 of 3rd period - Claude Giroux wins face-off versus Kirby Dach in neutral zone.
19:09 of 3rd period - Brayden McNabb is hit by Erik Brannstrom and loses puck.
19:38 of 3rd period - Slapshot by Peyton Krebs.
19:38 of 3rd period - Stopped by Kaapo Kahkonen without a rebound.
19:39 of 3rd period - Claude Giroux wins face-off versus Nicklas Backstrom in Arizona Coyotes zone.
19:50 of 3rd period - Snap shot by Andrei Svechnikov.
19:50 of 3rd period - Shot Blocked by Dmitry Orlov.
19:52 of 3rd period - Snap shot by Jakub Zboril.
19:52 of 3rd period - Deflect By Andrei Svechnikov.
19:52 of 3rd period - Stopped by Kaapo Kahkonen with a rebound.
19:54 of 3rd period - Wrist shot by Andrei Svechnikov.
19:54 of 3rd period - Stopped by Kaapo Kahkonen with a rebound.
Goals for this period are 0 for Arizona Coyotes vs 2 for Los Angeles Kings.
Shots for this period are 6 for Arizona Coyotes vs 19 for Los Angeles Kings.
Back to the Top